AoeStats
← miguelon01

MegaRandom

510418048Analyzed
4v4 RM · 1d ago on Sep 30, 2026· 21m 59s· 8 players
Game mode
Random Map
Map size
Large (8 player)
Population
200
Speed
Normal
Resources
Standard
Victory
Conquest
Starting age
Dark Age
Ending age
Imperial Age
RankedLock teamsTeams togetherTeam positionsShared explorationLock speedFull tech treeHidden civsTurbo modeCheats
Victory
Defeat
🇭🇷 Britons · Croatia
1069
+14
🇺🇸 Burgundians · United States
1052
+15
🇵🇪 Persians · Peru
1038
+15
🇫🇮 Inca · Finland
1037
+15
🇧🇷 Vietnamese · Brazil
1059
-16
🇮🇹 Khmer · Italy
1055
-16
🇨🇳 Britons · China
998
-14
🇬🇹 Huns · Guatemala
990
-13
Don Juan el Valiente
0:38 Loom
4:23 Double-Bit Axe
10:22 Wheelbarrow
10:28 Wheelbarrow
9:55 Horse Collar
10:07 Gold Mining
12:37 Feudal Age
14:46 Bow Saw
14:54 Hand Cart
18:01 Castle Age
17:33 Heavy Plow
18:31 Forging
18:26 Cavalier
19:06 Husbandry
21:36 Two-Man Saw
PAKETI
10:03 Loom
11:48 Feudal Age
16:04 Castle Age
16:14 Castle Age
15:03 Horse Collar
15:14 Double-Bit Axe
15:22 Gold Mining
Filip_jede_Meso
6:52 Loom
12:08 Feudal Age
13:17 Double-Bit Axe
15:58 Castle Age
14:13 Fletching
14:23 Padded Archer Armor
15:10 Horse Collar
16:21 Gold Mining
17:38 Bodkin Arrow
20:14 Ballistics
Strong
5:31 Loom
Knog502
0:51 Loom
9:38 Feudal Age
9:27 Loom
14:17 Wheelbarrow
16:41 Man-at-Arms
Tikka Masala
11:38 Feudal Age
13:18 Loom
16:58 Castle Age
16:20 Fletching
16:58 Double-Bit Axe
17:45 Crossbowman
21:46 Bodkin Arrow
超人不是我
miguelon01
10:46 Loom
12:57 Feudal Age
14:58 Double-Bit Axe
20:23 Castle Age
18:08 Horse Collar
18:55 Stone Mining
21:21 Crossbowman
Connection lost

Rejoining the realm…

Still unreachable

The connection could not be restored.

Session expired

The server has moved on; the page needs a fresh start.